 Dungeon Crawl Stone Soup version 0.31-a0-631-g285b096dc4 (webtiles) character file.

Game seed: 14228438718096077886

32 MackTheKnife the Chucker (level 3, 0/20 HPs)
             Began as a Deep Elf Wanderer on Aug 27, 2023.
             Slain by a worm (9 damage)
             ... on level 2 of the Dungeon.
             The game lasted 00:01:45 (1044 turns).

MackTheKnife the Chucker (Deep Elf Wanderer)        Turns: 1044, Time: 00:01:46

Health: 0/20       AC:  4    Str: 12    XL:     3   Next: 8%
Magic:  8/10       EV: 10    Int: 16    God:
Gold:   41         SH:  0    Dex: 13    Spells: 8/10 levels left

rFire   . . .        k - +0 spear (freeze) {polearm}
rCold   . . .        (no shield)
rNeg    . . .        l - +0 leather armour
rPois   .            (no helmet)
rElec   .            (no cloak)
rCorr   .            j - +0 pair of gloves
SInv    .            (no boots)
Will    .....        (no amulet)
Stlth   +            (no ring)
HPRegen 0.23/turn    (no ring)
MPRegen 0.12/turn

%: no passive effects
@: no status effects
A: no striking features
a: no special abilities


You were on level 2 of the Dungeon.
You visited 1 branch of the dungeon, and saw 2 of its levels.

You collected 41 gold pieces.


   Skills:
 - Level 1.0 Fighting
 - Level 5.0 Throwing
 + Level 4.1 Spellcasting
 + Level 3.1 Conjurations


You had 8 spell levels left.
You knew the following spells:

 Your Spells              Type           Power      Damage    Failure   Level
a - Static Discharge      Conj/Air       16%        2-3/arc   17%         2

Your spell library contained the following spells:

 Spells                   Type           Power      Damage    Failure   Level
 Momentum Strike          Conj/Tloc      16%        3d8       17%         2

Inventory:

Hand Weapons
 k - a +0 spear of freezing (weapon) {polearm}
   (You found it on level 1 of the Dungeon)
Missiles
 b - 2 curare-tipped darts {=fthrowing}
 i - a throwing net {=f!fthrowing}
Armour
 j - a +0 pair of gloves (worn)
   (You found it on level 1 of the Dungeon)
 l - a +0 leather armour (worn)
   (You found it on level 1 of the Dungeon)
Scrolls
 g - 2 scrolls of identify {unknown}
 h - a scroll of teleportation {unknown}
Potions
 a - a potion of invisibility {unknown}
 c - a potion of attraction {!q}
 d - a potion of curing {@q1}

Dungeon Overview and Level Annotations

Branches:
Dungeon (2/15) Zot: 10955

Altars:

#.. #... . #..#
.. #..# #.. #..#
# ....
#..#####.#
.....#..#@....#
#.(.)w.....#
#.#(?####.##
...............
.....#######.###
...> ... .. .


You could see a worm (poisoned).


Message History

A ball python is nearby!
The ball python misses you. The ball python grabs you.
The ball python constricts you.
You hit the ball python.
The ball python seems to slow down.
You freeze the ball python.
You kill the ball python!
No target in view!
No target in view!
You see here a ball python corpse.
Key pressed, stopping explore.
Key pressed, stopping explore.
Key pressed, stopping explore.
Key pressed, stopping explore.
You see here a +0 leather armour.
You see here a ball python skeleton.
You see here a +2 dagger {short}.
Done exploring.
Done exploring.
Done exploring.
Done exploring.
Search for what [? for help]? leather You see here a +2 dagger {short}.
You see here a ball python skeleton.
You see here a +0 leather armour.
l - a +0 leather armour
Okay, then.
You start removing your armour.
You continue taking off your +0 robe. x4
You finish taking off your +0 robe.
You start putting on your armour.
You continue putting on your +0 leather armour. x5
You finish putting on your +0 leather armour.
You drop a +0 robe.
Done exploring.
Done exploring.
Done exploring.
What level of the Dungeon? (default 1, ? - help)
You see here a +0 club {mace}.
You see here 4 stones {throwing}.
There is a stone staircase leading down here.
You climb downwards.
Found a scroll labelled ULEETA YMPECVO.
Found a stone staircase leading down.
There is a stone staircase leading up here.
A goblin comes into view. It is wielding a +0 dagger.
The goblin shouts!
A goblin is nearby!
A goblin is nearby!
An endoplasm comes into view.
The endoplasm quivers.
You throw a poisoned dart {throwing}.
The poisoned dart {throwing} barely misses the goblin.
You throw a poisoned dart {throwing}.
The poisoned dart {throwing} hits the goblin!
The goblin is poisoned.
You reach to attack!
You closely miss the goblin. You hit the endoplasm. You freeze the endoplasm.
The goblin hits you but does no damage.
The endoplasm hits you but does no damage.
A worm comes into view.
You hit the endoplasm. You freeze the endoplasm.
You kill the endoplasm!
The goblin hits you but does no damage.
You hit the goblin. You freeze the goblin.
You kill the goblin!
You see here a scroll labelled ULEETA YMPECVO.
You reach to attack!
You hit the worm but do no damage. You hit the worm but do no damage.
You hit the worm. You freeze the worm. The worm bites you. 😮 HP[-6]
You take 6 damage, and now have 14/20 hp.
MASSIVE DAMAGE!! (PAUSE)
Casting: Static Discharge (safe; 17% risk of failure)
Confirm with . or Enter, or press ? or * to list all spells.
The worm is struck by an arc of lightning.
You are struck by an arc of lightning.
The worm is struck by an arc of lightning.
The lightning grounds out.
The worm bites you.
* * * LOW HITPOINT WARNING * * *
😨 HP[-6] MP[-2]
You take 6 damage, and now have 8/20 hp.
MASSIVE DAMAGE!! (PAUSE)
You lost 2 mp, and now have 8/10 mp.
Throw: dart (poison) {throwing}
Press: ? - help, Q - select action, (/) - cycle Shift-Dir - straight line, f/p - worm
Aim: a worm (heavily wounded, 76% to hit)
You throw a poisoned dart {throwing}.
The poisoned dart {throwing} hits the worm.
The worm is poisoned.
The worm attacks as it pursues you!
The worm bites you but does no damage. 😨 HP[+1]
There is a stone staircase leading up here.
Reach: k) +0 spear (freeze) {polearm}
Press: ? - help, Dir - move target, f/p - worm
Aim: a worm (heavily wounded, poisoned, about 22% to evade your +0 spear of freezing)
You reach to attack!
You hit the worm. You freeze the worm.
Reach: k) +0 spear (freeze) {polearm}
Press: ? - help, Dir - move target, f/p - worm
Aim: a worm (severely wounded, poisoned, about 22% to evade your +0 spear of freezing)
You hit the worm. You freeze the worm. The worm bites you!
You die...

Skill      XL: |  1  2 |
---------------+-------+-----
Conjurations   | 3 |  3.1
Spellcasting   | 4 |  4.1
Fighting       | |  1.0
Throwing       | |  5.0

Action                     || total
---------------------------++-------
  Melee: Dagger            ||    42
         Spear             ||    35
         Punch             ||     1
  Throw: Dart              ||    15
   Cast: Static Discharge  ||     8
 Armour: Robe              ||    18
         Leather armour    ||     4
  Dodge: Dodged            ||    43

Levels and vault maps discovered:
D:1:      saegor_arrival_simple_b, layout_loops_ring
D:2:      wad_river_or_something, layout_basic, serial_forest,
          infiniplex_forest_pool, infiniplex_forest_corner_2,
          infiniplex_forest_clump_medium, infiniplex_forest_end_2,
          infiniplex_forest_straight_5, minmay_distorted

Notes
Turn   | Place    | Note
-------+----------+-------------------------------------------
     0 | D:1      | MackTheKnife the Deep Elf Wanderer began the quest for the
                  | Orb.
     0 | D:1      | MackTheKnife set off with the following items: a +2 dagger
                  | {short}, 2 curare-tipped darts {=fthrowing}, a potion of
                  | attraction {!q}, a potion of curing {@q1}, a +0 robe; and
                  | the following spells available to memorise: Momentum
                  | Strike, Static Discharge.
     0 | D:1      | Reached XP level 1. HP: 12/12 MP: 6/6
     0 | D:1      | magus.rc [v1.9.6]
   275 | D:1      | Reached XP level 2. HP: 16/16 MP: 6/8
   280 | D:1      | Learned a level 2 spell: Static Discharge
   617 | D:1      | Reached skill level 3 in Conjurations
   680 | D:1      | Reached skill level 4 in Spellcasting
   727 | D:1      | Reached XP level 3. HP: 9/20 MP: 5/10
  1044 | D:2      | Slain by a worm

Vanquished Creatures
  A dart slug (D:1)
  An endoplasm (D:2)
  3 giant cockroaches (D:1)
  3 goblins
  2 hobgoblins (D:1)
  3 jackals (D:1)
  3 quokkas (D:1)
  5 ball pythons (D:1)
  2 bats (D:1)
  2 frilled lizards (D:1)
  A rat (D:1)
26 creatures vanquished.

Table legend:
 A = Non-vault XP
 B = Vault XP
 C = Vault XP percentage of total XP
 D = Non-vault monster count
 E = Vault monster count
 F = Vault count percentage of total count
                 A         B        C        D         E       F
            +---------+---------+-------+---------+---------+-------
      Total |      46 |       0 |   0.0 |      26 |       0 |   0.0
            +---------+---------+-------+---------+---------+-------
        D:1 |      42 |       0 |   0.0 |      24 |       0 |   0.0
        D:2 |       4 |       0 |   0.0 |       2 |       0 |   0.0
            +---------+---------+-------+---------+---------+-------

Skill      XL: |  1  2 |
---------------+-------+-----
Conjurations   | 3 |  3.1
Spellcasting   | 4 |  4.1
Fighting       | |  1.0
Throwing       | |  5.0

Action                     || total
---------------------------++-------
  Melee: Dagger            ||    42
         Spear             ||    35
         Punch             ||     1
  Throw: Dart              ||    15
   Cast: Static Discharge  ||     8
 Armour: Robe              ||    18
         Leather armour    ||     4
  Dodge: Dodged            ||    43

Illustrated notes

Table legend:
 A = Kills in this place as a percentage of kills in the entire game.
 B = Kills by you in this place as a percentage of kills by you in the entire game.
 C = Kills by friends in this place as a percentage of kills by friends in the entire game.
 D = Other kills in this place as a percentage of other kills in the entire game.
 E = Experience gained in this place as a percentage of experience gained in the entire game.
 F = Experience gained in this place divided by the number of levels of this place that you have seen.
                   A       B       C       D       E      F
               +-------+-------+-------+-------+-------+----------------------
         Total | 100.0 | 100.0 |   N/A |   N/A | 100.0 |  23.0
       Dungeon | 100.0 | 100.0 |   N/A |   N/A | 100.0 |  23.0
               +-------+-------+-------+-------+-------+----------------------

Table legend: (Time is in decaauts)
 A = Elapsed time spent in this place.
 B = Non-inter-level travel time spent in this place.
 C = Inter-level travel time spent in this place.
 D = Time resting spent in this place.
 E = Time spent auto-exploring this place.
 F = Levels seen in this place.
 G = Mean time per level.
                   A        B        C        D        E       F      G
               +--------+--------+--------+--------+--------+-----+--------+
         Total |   1043 |    957 |     86 |     82 |    680 |   2 |  521.5 |
       Dungeon |   1043 |    957 |     86 |     82 |    680 |   2 |  521.5 |
               +--------+--------+--------+--------+--------+-----+--------+

Top non-repeatable levels by time:
     D:1: 1025 daAuts
     D:2: 17 daAuts
